 Dungeon Crawl Stone Soup version bcrawl-1.28.5 (webtiles) character file.

Game seed: 8750362691930577678

155714 Mehrunes the Scholar of Death (level 10, -4/81 HPs)
             Began as a Mummy Necromancer on Jan 22, 2021.
             Was a Follower of Kikubaaqudgha.
             Slain by an unseen horror (10 damage)
             ... on level 9 of the Dungeon.
             The game lasted 00:34:41 (19982 turns).

Mehrunes the Scholar of Death (Mummy Necromancer)  Turns: 19982, Time: 00:34:42

Health: -4/81      AC:  6    Str: 13    XL:     10   Next: 72%
Magic:  17/21      EV: 20    Int: 16    God:    Kikubaaqudgha [*.....]
Gold:   393        SH:  0    Dex: 19    Spells: 1/24 levels left

rFire    x . .     SeeInvis .   r - +0 rapier
rCold    + . .     Gourm    .   (no shield)
rNeg     + + +     Faith    +   t - +2 robe {Archmagi}
rPois    ∞         Spirit   .   c - +0 helmet
rElec    .         Reflect  .   (no cloak)
rCorr    .         Harm     .   (no gloves)
MR       +....     Clarity  +   f - +0 pair of boots
Stlth    ++........             x - amulet of faith
HPRegen  0.23/turn              p - +3 ring of evasion
MPRegen  0.17/turn              y - +6 ring of dexterity

@: no status effects
A: no food or potions, fire vulnerability, clarity, cold resistance 1, negative
energy resistance 3, torment resistance, unbreathing
a: Receive Corpses, Renounce Religion


You were on level 9 of the Dungeon.
You worshipped Kikubaaqudgha.
Kikubaaqudgha was aware of your devotion.
You were not hungry.

You visited 2 branches of the dungeon, and saw 10 of its levels.

You collected 393 gold pieces.

Inventory:

Hand Weapons
 a - a +1 dagger
 g - a +0 whip of freezing
 n - a +0 dagger of venom
 o - a +3 dagger
 r - a +0 rapier (weapon)
Missiles
 d - 224 poisoned needles (quivered)
Armour
 b - a +0 robe
 c - a +0 helmet (worn)
 e - a +0 ring mail
 f - a +0 pair of boots (worn)
 t - a +2 robe of the Archmagi (worn)
Magical Staves
 j - an uncursed staff of fire
Jewellery
 p - a +3 ring of evasion (left hand)
 x - an amulet of faith (around neck)
 y - a +6 ring of dexterity (right hand)
 z - an uncursed amulet of rage {unknown}
 B - an uncursed ring of resist corrosion {unknown}
Wands
 v - a wand of digging (13)
 w - a wand of acid (10)
 C - a wand of random effects (7)
Scrolls
 h - 2 scrolls of teleportation
 i - 4 scrolls of enchant weapon
 l - 2 scrolls of noise {unknown}
 m - 7 scrolls of remove curse
 q - a scroll of fear
 s - 2 scrolls of amnesia
 u - 2 scrolls of fog
 A - a scroll of brand weapon {unknown}


   Skills:
 - Level 8.3 Fighting
 - Level 5.0 Short Blades
 - Level 6.1 Dodging
 - Level 2.1 Stealth
 + Level 7.5 Spellcasting
 - Level 3.0 Hexes
 - Level 9.2 Necromancy


You had one spell level left.
You knew the following spells:

 Your Spells              Type           Power        Failure   Level  Hunger
a - Animate Skeleton      Necr           N/A          1%          1    N/A
b - Pain                  Necr           ######       1%          1    N/A
c - Vampiric Draining     Necr           ######....   1%          3    N/A
d - Agony                 Necr           ######..     2%          4    N/A
e - Dispel Undead         Necr           ######..     8%          5    N/A
f - Summon Butterflies    Summ           #.......     12%         1    N/A
g - Slow                  Hex            ###.....     3%          1    N/A
h - Animate Dead          Necr           N/A          2%          4    N/A
i - Apportation           Tloc           #.....       12%         1    N/A
j - Corpse Rot            Necr           N/A          1%          2    N/A

Your spell library contained the following spells:

 Spells                   Type           Power        Failure   Level  Hunger
 Infusion                 Chrm           #.......     12%         1    N/A
 Sandblast                Erth           #.....       12%         1    N/A

Dungeon Overview and Level Annotations

Branches:
Dungeon (9/12)             Temple (1/1) D:7
   Lair: D:7-9          Orc: D:8-11

Altars:
Ashenzari
Fedhas
Hepliaklqana
Kikubaaqudgha
Nemelex Xobeh
Okawaru
Qazlal
Trog

Shops:
D:7 :   D:8 (

Annotations:
D:4 2 transporters, Sarzael's ghost, amateur DrTm
D:5 exclusion: door


Innate Abilities, Weirdness & Mutations

You do not eat or drink.
Your flesh is vulnerable to fire.
You are immune to poison.
You possess an exceptional clarity of mind.
Your flesh is cold resistant. (rC+)
You are immune to negative energy. (rN+++)
You are immune to unholy pain and torment.
You can survive without breathing.


Message History

Something hits you but does no damage.
You see here an embroidered scarf.
Okay, then.
Something misses you. Something hits you. Something hits you.
* * * LOW HITPOINT WARNING * * *
Something barely misses you.
A necrophage comes into view.
Something hits you.
* * * LOW HITPOINT WARNING * * *
Something hits you but does no damage. Something hits you!
* * * LOW HITPOINT WARNING * * *
Something closely misses you. Something hits you!
* * * LOW HITPOINT WARNING * * *
Something hits you!
You die...
Kikubaaqudgha rasps: "You have failed me!
Welcome... oblivion!"

%.. ...# ....######
..........##
.........)<.##
.............##
..............##
....n..........#
..........@....####
................P.##
.............PPt....
.........P....P.PP..
...........P........
........P.P.P.P.P.PP
.............##+#..P
............P# ..
.............#
P.P..#


You could see a crocodile (wandering) and a necrophage.

Vanquished Creatures
  2 two-headed ogres
  A necromancer (D:9)
  5 trolls
  Sigmund (D:5)
  4 yaks
  A hungry ghost (D:7)
  2 ice beasts
  An orc warrior (D:6)
  A sky beast (D:3)
  A phantom (D:8)
  A hornet zombie (D:8)
  5 ogres
  An eye of draining (D:5)
  A necrophage (D:8)
  4 centaurs
  4 bullfrogs
  Blork the orc (D:6)
  2 scorpions
  3 wights (D:5)
  A howler monkey (D:8)
  3 crimson imps
  3 hounds
  A bullfrog skeleton (D:5)
  2 orc priests
  8 orc wizards
  4 worker ants
  A hound zombie (D:5)
  A worker ant zombie (D:6)
  8 gnolls
  11 adders
  3 shadow imps
  3 oozes
  3 adder skeletons
  A dart slug (D:4)
  4 worms
  6 leopard geckos
  20 orcs
  5 bats
  2 giant cockroaches
  10 goblins
  12 hobgoblins
  7 jackals
  11 kobolds
  6 quokkas
  4 ball pythons
  5 frilled lizards
  A jackal skeleton (D:4)
  5 rats
192 creatures vanquished.

Vanquished Creatures (collateral kills)
  A scorpion (D:6)
  A crimson imp (D:4)
  2 orcs
4 creatures vanquished.

Vanquished Creatures (others)
  A fungus (D:9)
1 creature vanquished.

Grand Total: 197 creatures vanquished

Notes
Turn   | Place    | Note
-------+----------+-------------------------------------------
     0 | D:1      | Mehrunes the Mummy Necromancer began the quest for the Orb.
     0 | D:1      | Reached XP level 1. HP: 13/13 MP: 4/4
   118 | D:1      | Reached skill level 1 in Short Blades
   146 | D:1      | Reached XP level 2. HP: 20/20 MP: 3/5
   400 | D:1      | Reached skill level 1 in Fighting
   777 | D:1      | Reached XP level 3. HP: 25/26 MP: 0/7
  1235 | D:2      | Learned a level 3 spell: Vampiric Draining
  1349 | D:2      | Reached XP level 4. HP: 24/33 MP: 2/8
  2289 | D:2      | HP: 1/33 [crimson imp (1)]
  2760 | D:3      | Reached XP level 5. HP: 39/39 MP: 6/9
  3153 | D:3      | Learned a level 4 spell: Agony
  3236 | D:3      | Noticed a sky beast
  3280 | D:4      | Noticed an ogre
  3955 | D:3      | Reached XP level 6. HP: 37/47 MP: 0/10
  4218 | D:4      | Reached skill level 5 in Necromancy
  4573 | D:4      | Reached skill level 6 in Necromancy
  4616 | D:4      | Reached XP level 7. HP: 52/52 MP: 0/11
  4886 | D:3      | Reached skill level 7 in Necromancy
  5203 | D:4      | Found a transporter.
  5211 | D:4      | Identified the +6 great mace "Xeeczi" {freeze, Int+4}
  5211 | D:4      | Noticed Sarzael's ghost (amateur DrTm)
  5214 | D:4      | Found a transporter.
  5254 | D:5      | Entered Level 5 of the Dungeon
  6038 | D:5      | Reached XP level 8. HP: 44/60 MP: 12/12
  6300 | D:5      | Noticed Sigmund
  6306 | D:5      | Killed Sigmund
  6662 | D:5      | Reached skill level 5 in Short Blades
  6708 | D:5      | Noticed a troll
  6980 | D:5      | Learned a level 5 spell: Dispel Undead
  7222 | D:6      | Noticed Blork the orc
  7238 | D:6      | Reached skill level 8 in Necromancy
  7346 | D:6      | Killed Blork the orc
  7413 | D:6      | Reached skill level 5 in Fighting
  7560 | D:6      | Reached XP level 9. HP: 62/68 MP: 14/14
  7807 | D:6      | Found a bloodstained altar of Trog.
  7807 | D:6      | Found a stormy altar of Qazlal.
  8505 | D:7      | Found a staircase to the Ecumenical Temple.
  8510 | D:7      | Found a shattered altar of Ashenzari.
  8514 | Temple   | Entered the Ecumenical Temple
  8521 | Temple   | Became a worshipper of Kikubaaqudgha
 18083 | Temple   | Fell from the grace of Kikubaaqudgha
 18102 | Temple   | Became a worshipper of Kikubaaqudgha
 18158 | D:7      | Noticed a troll
 18162 | D:7      | Killed a troll
 18232 | D:7      | Noticed a troll
 18238 | D:7      | Killed a troll
 18239 | D:7      | Reached skill level 5 in Dodging
 18334 | D:7      | Noticed a two-headed ogre
 18339 | D:7      | Killed a two-headed ogre
 18339 | D:7      | Noticed a troll
 18397 | D:7      | Noticed a troll
 18401 | D:7      | Killed a troll
 18412 | D:7      | Reached XP level 10. HP: 80/80 MP: 0/15
 18503 | D:7      | Found Duguaf's Book Emporium.
 18735 | D:8      | Learned a level 1 spell: Summon Butterflies
 18873 | D:8      | Noticed a two-headed ogre
 18880 | D:8      | Killed a two-headed ogre
 18881 | D:8      | Reached skill level 5 in Spellcasting
 18881 | D:8      | Reached skill level 9 in Necromancy
 19122 | D:8      | Learned a level 1 spell: Slow
 19127 | D:8      | Learned a level 4 spell: Animate Dead
 19129 | D:8      | Learned a level 1 spell: Apportation
 19169 | D:8      | Reached * piety under Kikubaaqudgha
 19169 | D:8      | Identified Kikubaaqudgha's Papyrus of Necromancy
                  | (Kikubaaqudgha gifted it to you on level 8 of the Dungeon)
 19169 | D:8      | Received a gift from Kikubaaqudgha
 19585 | D:8      | Reached skill level 1 in Hexes
 19667 | D:8      | Found Liuprec's Weapon Boutique.
 19830 | D:9      | Noticed a necromancer
 19835 | D:9      | Killed a necromancer
 19890 | D:9      | Learned a level 2 spell: Corpse Rot
 19982 | D:9      | Slain by an unseen horror

Skill      XL: |  1  2  3  4  5  6  7  8  9 10 |
---------------+-------------------------------+-----
Short Blades   | 1 2 3 4 5 |  5.0
Fighting       | 1 2 3 4 5 8 |  8.3
Necromancy     | 6 7 8 9 |  9.2
Spellcasting   | 3 7 |  7.5
Dodging        | 3 6 |  6.1
Hexes          | 3 |  3.0
Stealth        | |  2.1

Action                   |  1- 3 |  4- 6 |  7- 9 | 10-12 || total
-------------------------+-------+-------+-------+-------++-------
Melee: Dagger            |    53 |   148 |   130 |       ||   331
       Whip              |       |    13 |       |       ||    13
       Rapier            |       |       |   133 |    69 ||   202
 Cast: Pain              |    75 |   121 |    60 |    32 ||   288
       Animate Skeleton  |       |     5 |     1 |       ||     6
       Vampiric Draining |       |    11 |    25 |     9 ||    45
       Agony             |       |     3 |    16 |    12 ||    31
       Dispel Undead     |       |       |       |     3 ||     3
  Use: Scroll            |     3 |       |       |     4 ||     7
 Stab: Sleeping          |       |     1 |     5 |       ||     6
Armor: Robe              |     1 |    49 |    43 |    16 ||   109
       Ring mail         |    17 |       |       |       ||    17
Dodge: Dodged            |    35 |   146 |   165 |    85 ||   431
